 Dungeon Crawl Stone Soup version 0.19.4-9-g45fd643 (webtiles) character file.

52826 nikopol the Severer (level 14, -13/127 HPs)
             Began as a Minotaur Berserker on Feb 19, 2017.
             Was a High Priest of Trog.
             Mangled by an orc knight
             ... wielding a +2 great mace
              (19 damage)
             ... on level 2 of the Orcish Mines.
             The game lasted 02:03:14 (30178 turns).

nikopol the Severer (Minotaur Berserker)           Turns: 30178, Time: 02:03:14

Health: -13/127    AC: 22    Str: 23    XL:     14   Next: 28%
Magic:  13/13      EV: 17    Int:  4    God:    Trog [*****.]
Gold:   2558       SH:  3    Dex: 14    Spells: 0 memorised, 13 levels left

rFire  . . .     SeeInvis .     a - +7 broad axe (chop)
rCold  . . .     Gourm    .     x - +1 scale mail {MR+}
rNeg   . . .     Faith    .     (no shield)
rPois  +         Spirit   .     (helmet restricted)
rElec  .         Reflect  +     g - +2 cloak {rPois}
rCorr  .         Harm     .     k - +1 pair of gloves
MR     +++..                    D - +0 pair of boots
Stlth  ..........               v - +3 amulet of reflection
                                L - +4 ring of protection
                                I - ring of protection from magic

@: no status effects
A: retaliatory headbutt, horns 2
a: Berserk, Trog's Hand, Brothers in Arms, Burn Spellbooks, Renounce Religion


You were on level 2 of the Orcish Mines.
You worshipped Trog.
Trog was extremely pleased with you.
You were hungry.

You visited 3 branches of the dungeon, and saw 21 of its levels.
You also visited: Labyrinth, Bailey and Volcano.

You collected 2558 gold pieces.

Inventory:

Hand Weapons
 a - a +7 broad axe of chopping (weapon)
 t - a +1 longbow of flaming
 z - a +6 shortbow of freezing
 E - a +0 shortbow of velocity
 U - a +5 battleaxe of flaming
Missiles
 p - 235 arrows (quivered)
Armour
 g - a +2 cloak of poison resistance (worn)
 k - a +1 pair of gloves (worn)
 x - a +1 scale mail of magic resistance (worn)
 D - a +0 pair of boots (worn)
 S - a +1 scale mail of fire resistance
Jewellery
 v - a +3 amulet of reflection (around neck)
 A - an uncursed ring of protection from cold
 I - a ring of protection from magic (left hand)
 L - a +4 ring of protection (right hand)
 W - an uncursed ring of positive energy
Wands
 d - a wand of disintegration (21/24)
 r - a wand of lightning (4/15)
 y - a wand of hasting (3/9)
 Z - a wand of digging (12/24)
Scrolls
 b - 3 scrolls of teleportation
 i - 4 scrolls of remove curse
 j - 4 scrolls of enchant weapon
 l - 6 scrolls of identify
 m - a scroll of acquirement {unknown}
 s - a scroll of recharging
 B - a scroll of fog
 M - 3 scrolls of blinking
 P - 2 scrolls of summoning
Potions
 e - 9 potions of curing
 f - 4 potions of agility {unknown}
 n - 6 potions of invisibility
 o - a potion of heal wounds
 q - 3 potions of ambrosia
 u - 5 potions of brilliance {unknown}
 w - 6 potions of berserk rage {unknown}
 C - 3 potions of flight {unknown}
 N - a potion of resistance {unknown}
 O - 3 potions of magic {unknown}
 T - 4 potions of haste {unknown}
Comestibles
 c - 10 bread rations
 h - 6 meat rations
 F - 8 chunks of flesh
 G - 34 fruits
 V - a beef jerky


   Skills:
 + Level 12.9 Fighting
 * Level 15.2 Axes
 * Level 12.2 Bows
 + Level 12.9 Armour
 + Level 12.0 Dodging


You had 13 spell levels left.
You didn't know any spells.

Dungeon Overview and Level Annotations

Branches:
Dungeon (13/15)            Temple (0/1) D:5            Lair (6/6) D:8
 Shoals (0/4) Lair:2       Spider (0/4) Lair:2        Slime (0/5) Lair:5
    Orc (2/2) D:12            Elf (0/3) Orc:2
 Vaults: D:13-14

Altars:

Shops:
D:5 (   D:6 =   D:9 (   D:11 ?!   Orc:1 *


Innate Abilities, Weirdness & Mutations

You reflexively headbutt those who attack you in melee.
You have a pair of horns on your head.


Message History

Your troll completely misses the orc high priest.
Your troll claws the orc high priest.
Your troll barely misses the orc high priest.
The orc knight completely misses you. The orc warrior misses you.
You furiously retaliate!
You headbutt the orc warrior!
Your troll bites the orc high priest!
Your troll barely misses the orc high priest.
Your troll claws the orc high priest!
You completely miss the orc priest. You headbutt the orc priest.
The orc priest is moderately wounded.
You slash the orc warrior!
You kill the orc warrior!
Trog accepts your kill.
You slash the orc knight!
The orc high priest mumbles some strange prayers.
The orc high priest hits your troll with a broad axe of electrocution!
The orc priest closely misses you. You furiously retaliate!
You headbutt the orc priest!
The orc knight hits you with an enchanted great mace!!
You die...

#.................. ....
#...................... ....
#....................... ....
#.............................$.
#...............................
##.........................#....
#......)..................#.....
#............................$..
##............)@................
#.............ooT...............
#.............oo..............$.
#...............................
#......)......##################
##...)..........#
##.....)........#
#............o..#
#.......).....oo#


You could see an orc knight, an orc high priest, 2 orc priests, an orc
(wandering) and a friendly troll (berserk).

Vanquished Creatures
  A red draconian (Volcano)
  A dire elephant (Lair:6)
  A minotaur (Lab)
  A hydra (D:12)
  2 catoblepae (Lair:6)
  A deep troll shaman (Lair:6)
  An ogre mage (Volcano)
  8 death yaks
  Urug (D:13)
  2 unseen horrors (D:10)
  A lindwurm (Lair:6)
  2 orc knights
  2 hill giants
  3 manticores
  A cyclops (D:12)
  2 black mambas
  3 elephants (Lair:6)
  Maurice (D:9)
  10 gargoyles
  12 spiny frogs
  10 komodo dragons
  3 hornets
  5 trolls
  6 two-headed ogres
  3 polar bears (Lair:6)
  21 blink frogs
  A snapping turtle (Lair:2)
  5 slime creatures (D:12)
  7 hippogriffs
  Eustachio (D:6)
  24 yaks
  2 fire bats (Volcano)
  A spriggan (Lair:4)
  A tarantella (Lair:2)
  2 basilisks
  A wyvern (D:10)
  A wraith (D:12)
  A steam dragon (D:13)
  A hungry ghost (D:11)
  2 wargs (Orc:2)
  Edmund (D:5)
  4 hell hounds
  6 water moccasins
  17 orc warriors
  8 porcupines
  2 black bears
  5 ice beasts
  7 ogres
  3 centaurs
  5 phantoms
  8 wolves
  2 big kobolds
  13 crocodiles
  The ghost of Agrougrou the Conjurer, an amateur DECj (D:3)
  Blork the orc (D:6)
  8 gnoll sergeants (Bailey)
  A wyvern zombie (D:10)
  11 bullfrogs
  2 water moccasin zombies
  3 scorpions
  4 killer bees (D:10)
  A howler monkey (D:11)
  2 vampire bats (D:5)
  2 crimson imps (D:8)
  5 lava snakes (Volcano)
  6 hounds
  A quasit (D:10)
  3 jellies
  A bullfrog zombie (D:8)
  A centaur skeleton (D:5)
  6 gnoll shamans (Bailey)
  15 orc priests
  2 bullfrog skeletons
  Ijyb (D:3)
  An iguana (D:6)
  8 orc wizards
  9 worker ants
  A worker ant zombie (D:9)
  23 gnolls
  11 adders
  3 shadow imps
  2 adder zombies
  2 adder skeletons
  2 worms
  5 leopard geckos
  66 orcs
  2 ball pythons
  3 giant cockroaches
  7 goblins
  2 hobgoblins (D:1)
  10 jackals
  2 quokkas
  14 bats
  11 frilled lizards
  A giant cockroach zombie (D:5)
  11 kobolds
  2 leopard gecko skeletons
  8 rats
  7 bushes
  13 fungi
  3 plants
541 creatures vanquished.

Vanquished Creatures (collateral kills)
  An orc (Orc:2)
1 creature vanquished.

Vanquished Creatures (others)
  4 fungi
  4 plants
8 creatures vanquished.

Grand Total: 550 creatures vanquished

Notes
Turn   | Place    | Note
-------+----------+-------------------------------------------
     0 | D:1      | nikopol the Minotaur Berserker began the quest for the Orb.
     0 | D:1      | Reached XP level 1. HP: 19/19 MP: 0/0
   541 | D:1      | Reached XP level 2. HP: 24/27 MP: 1/1
  1443 | D:2      | Reached XP level 3. HP: 24/33 MP: 2/2
  1533 | D:2      | Reached ** piety under Trog
  1533 | D:2      | Reached skill level 4 in Axes
  1787 | D:2      | Reached XP level 4. HP: 22/41 MP: 3/3
  2377 | D:3      | Noticed Agrougrou's ghost (amateur DECj)
  2388 | D:3      | Killed Agrougrou's ghost
  2388 | D:3      | Reached XP level 5. HP: 44/47 MP: 4/4
  2492 | D:3      | Noticed Ijyb
  2513 | D:3      | Killed Ijyb
  2513 | D:3      | Reached skill level 5 in Fighting
  2965 | D:3      | Reached skill level 5 in Axes
  3356 | D:3      | Reached XP level 6. HP: 43/56 MP: 5/5
  3956 | D:4      | Reached *** piety under Trog
  4222 | D:5      | Entered Level 5 of the Dungeon
  4361 | D:5      | Found a staircase to the Ecumenical Temple.
  4490 | D:5      | Noticed Edmund
  4499 | D:5      | Killed Edmund
  4499 | D:5      | Reached skill level 5 in Armour
  4499 | D:5      | Reached XP level 7. HP: 62/62 MP: 6/6
  4627 | D:5      | Found Namus's Weapon Shop.
  4709 | D:5      | Reached skill level 6 in Axes
  4709 | D:5      | Reached skill level 5 in Dodging
  4988 | D:6      | Noticed Blork the orc
  5002 | D:6      | Killed Blork the orc
  5145 | D:6      | Reached XP level 8. HP: 71/71 MP: 7/7
  5241 | D:6      | Noticed Eustachio
  5257 | D:6      | Killed Eustachio
  5333 | D:6      | Reached skill level 7 in Axes
  5365 | D:6      | Reached **** piety under Trog
  5542 | D:6      | Found Fyxzifoh's Jewellery Shop.
  6081 | D:7      | Noticed a troll
  6092 | D:7      | Killed a troll
  6325 | D:7      | Noticed a two-headed ogre
  6329 | D:7      | Killed a two-headed ogre
  6329 | D:7      | Reached skill level 8 in Axes
  6329 | D:7      | Reached XP level 9. HP: 81/81 MP: 8/8
  6661 | D:8      | Found a flagged portal.
  6670 | Bailey   | Entered a bailey
  7976 | D:8      | Found a staircase to the Lair.
  7992 | D:8      | Reached ***** piety under Trog
  8519 | D:8      | Reached skill level 9 in Axes
  8958 | D:9      | Noticed Maurice
  9208 | D:8      | Reached XP level 10. HP: 81/91 MP: 9/9
  9294 | D:9      | Reached skill level 1 in Bows
  9307 | D:9      | Found Zeemen's Weapon Emporium.
  9599 | D:9      | Noticed a manticore
  9611 | D:9      | Killed a manticore
  9826 | D:9      | Killed Maurice
 10322 | D:9      | Reached skill level 10 in Axes
 10417 | D:10     | Entered Level 10 of the Dungeon
 10422 | D:10     | Noticed a gargoyle
 10433 | D:10     | Killed a gargoyle
 10433 | D:10     | Received a gift from Trog
 10599 | Lair:1   | Entered Level 1 of the Lair of Beasts
 11085 | Lair:1   | Received a gift from Trog
 11085 | Lair:1   | Reached skill level 5 in Bows
 11098 | Lair:1   | Reached skill level 10 in Armour
 11486 | Lair:1   | Reached skill level 10 in Fighting
 11488 | Lair:1   | Reached XP level 11. HP: 88/99 MP: 10/10
 12268 | Lair:2   | Reached skill level 11 in Axes
 12606 | Lair:2   | Found a dark tunnel.
 12616 | Volcano  | Entered a volcano
 13293 | Volcano  | Found a burning altar of Makhleb.
 13293 | Volcano  | Noticed an ogre mage
 13315 | Volcano  | Killed an ogre mage
 13548 | Volcano  | Noticed a red draconian
 13560 | Volcano  | Killed a red draconian
 14330 | Lair:2   | Found a hole to the Spider Nest.
 14368 | Lair:2   | Found a staircase to the Shoals.
 14418 | Lair:2   | HP: 2/101 [manticore (15)]
 15142 | Lair:3   | Reached skill level 12 in Axes
 16331 | Lair:3   | Reached XP level 12. HP: 96/108 MP: 11/11
 16625 | Lair:3   | Reached skill level 10 in Dodging
 17273 | Lair:4   | Found a labyrinth entrance.
 17286 | Lab      | Entered a labyrinth
 20606 | Lab      | Noticed a minotaur
 20616 | Lab      | Killed a minotaur
 21122 | Lair:4   | Reached skill level 13 in Axes
 21383 | Lair:4   | Received a gift from Trog
 22008 | Lair:5   | Found a staircase to the Slime Pits.
 22039 | Lair:5   | You fall through a shaft!
 22039 | Lair:6   | Entered Level 6 of the Lair of Beasts
 22340 | Lair:6   | Reached skill level 10 in Bows
 22668 | Lair:6   | Reached XP level 13. HP: 82/117 MP: 12/12
 23522 | Lair:5   | Identified An Early Guide to Witchery
 24008 | Lair:6   | Reached skill level 14 in Axes
 24792 | Lair:6   | Noticed a dire elephant
 24816 | Lair:6   | Killed a dire elephant
 26403 | D:11     | Received a gift from Trog
 26683 | D:11     | Found Nogug's Distillery.
 26734 | D:11     | Found Qiebo's Magic Scroll Shoppe.
 27124 | D:11     | Reached XP level 14. HP: 127/127 MP: 13/13
 27556 | D:12     | Reached skill level 15 in Axes
 28153 | D:12     | Found a staircase to the Orcish Mines.
 28525 | D:13     | Noticed Urug
 28539 | D:13     | Killed Urug
 28946 | Orc:1    | Entered Level 1 of the Orcish Mines
 28975 | Orc:1    | Received a gift from Trog
 29305 | Orc:2    | Entered Level 2 of the Orcish Mines
 29621 | Orc:1    | Found Aququ's Assorted Antiques.
 29811 | Orc:2    | Found a staircase to the Elven Halls.
 30110 | Orc:2    | Reached ****** piety under Trog
 30175 | Orc:2    | HP: 5/127 [orc warrior/war axe (25)]
 30178 | Orc:2    | Mangled by an orc knight

Skill      XL: |  1  2  3  4  5  6  7  8  9 10 11 12 13 14 |
---------------+-------------------------------------------+-----
Fighting       | 4 5 6 7 9 10 11 12 | 12.9
Axes           | 4 5 6 8 9 10 12 13 14 15 | 15.2
Armour         | 3 4 5 6 7 9 10 11 12 | 12.9
Dodging        | 3 4 5 7 8 9 10 11 12 | 12.0
Bows           | 5 8 10 11 12 | 12.2

Action                   |  1- 3 |  4- 6 |  7- 9 | 10-12 | 13-15 || total
-------------------------+-------+-------+-------+-------+-------++-------
Melee: Hand axe          |    83 |   141 |   310 |   618 |       ||  1152
       Headbutt          |    16 |    34 |    83 |   245 |    79 ||   457
       Broad axe         |       |       |       |    58 |   314 ||   372
 Fire: Shortbow          |       |       |     9 |   175 |   431 ||   615
       Longbow           |       |       |       |    90 |       ||    90
Invok: Berserk           |     2 |     1 |     7 |     5 |     5 ||    20
       Burn Spellbooks   |       |     1 |       |     5 |     2 ||     8
       Trog's Hand       |       |       |       |       |     1 ||     1
       Brothers in Arms  |       |       |       |       |     1 ||     1
Evoke: Wand              |       |       |       |     1 |       ||     1
  Use: Scroll            |       |     4 |     4 |     6 |    20 ||    34
 Stab: Petrified         |       |       |       |       |    12 ||    12
       Petrifying        |       |       |       |       |     1 ||     1
  Eat: Chunk             |     5 |     8 |    18 |    25 |    26 ||    82
       Beef jerky        |       |       |     1 |     1 |     1 ||     3
       Royal jelly       |       |       |     2 |       |       ||     2
       Fruit             |       |       |       |     6 |     1 ||     7
       Bread ration      |       |       |       |     2 |       ||     2
       Meat ration       |       |       |       |     1 |       ||     1
Armor: Animal skin       |    19 |    12 |       |       |       ||    31
       Scale mail        |       |    42 |    87 |   139 |   126 ||   394
Dodge: Dodged            |    54 |    78 |   212 |   339 |   234 ||   917
Block: Other             |       |     2 |    34 |    44 |    38 ||   118
       Reflection        |       |       |       |       |     2 ||     2
